 Dungeon Crawl Stone Soup version 0.29.1-1-gd02db6906a (webtiles) character file.

Game seed: 1926918383733666911

37 raph the Grave Robber (level 3, -2/24 HPs)
             Began as a Human Necromancer on Oct 11, 2022.
             Slain by an adder (3 damage)
             ... on level 2 of the Dungeon.
             The game lasted 00:01:25 (980 turns).

raph the Grave Robber (Human Necromancer)            Turns: 980, Time: 00:01:26

Health: -2/24      AC:  2    Str:  8    XL:     3   Next: 60%
Magic:  0/6        EV: 12    Int: 17    God:
Gold:   71         SH:  0    Dex: 13    Spells: 5/6 levels left

rFire   . . .      SeeInvis .   c - +0 dagger
rCold   . . .      Faith    .   (no shield)
rNeg    . . .      Spirit   .   a - +0 robe
rPois   .          Reflect  .   (no helmet)
rElec   .          Harm     .   (no cloak)
rCorr   .          Rampage  .   (no gloves)
Will    .....                   (no boots)
Stlth   ++........              (no amulet)
HPRegen 0.08/turn               (no ring)
MPRegen 0.10/turn               (no ring)

@: lethally poisoned (-2 -> -6)
A: no striking features
a: no special abilities


You were on level 2 of the Dungeon.
You visited 1 branch of the dungeon, and saw 2 of its levels.

You collected 71 gold pieces.

Inventory:

Hand Weapons
 c - a +0 dagger (weapon)
Armour
 a - a +0 robe (worn)
Scrolls
 e - 2 scrolls of brand weapon {unknown}
 f - a scroll of butterflies {unknown}
 g - a scroll of teleportation {unknown}
 h - a scroll of identify {unknown}
Potions
 b - 3 potions of magic
 d - a potion of haste {unknown}


   Skills:
 + Level 2.4 Dodging
 + Level 2.4 Stealth
 + Level 2.3 Spellcasting
 * Level 4.4 Necromancy


You had 5 spell levels left.
You knew the following spells:

 Your Spells              Type           Power      Damage    Failure   Level
a - Necrotise             Necr           68%        1d7       3%          1

Your spell library contained the following spells:

 Spells                   Type           Power      Damage    Failure   Level
 Vampiric Draining        Necr           17%        2d7       9%          3
 Animate Dead             Necr           17%        N/A       30%         4
 Agony                    Necr           17%        N/A       63%         5


Dungeon Overview and Level Annotations

Branches:
Dungeon (2/15)

Altars:


Message History

Your hobgoblin skeleton barely misses the adder.
The adder bites your goblin skeleton.
Your goblin skeleton misses the adder.
The rat closely misses you.
Your hobgoblin skeleton barely misses the adder.
You hit the rat.
The rat is heavily wounded.
The adder bites your goblin skeleton.
Your goblin skeleton is destroyed!
The rat barely misses you.
You closely miss the rat. The rat closely misses you.
You barely miss the rat. The adder bites you.
You are poisoned.
The adder poisons you! The rat bites you.
There are no items here.
Aiming: Necrotise (safe; 3% risk of failure)
Press: ? - help, Q - select action Shift-Dir - straight line, f/p - adder
Aim: an adder (ally target, chance to affect: 81%)
The adder writhes in agony.
You feel sick. The adder barely misses you.
Your hobgoblin skeleton misses the adder.
The rat misses you. The adder closely misses you.
Found a chain mail and a glowing ring mail.
Found a stone staircase leading down.
You feel sick. The rat closely misses you. The rat attacks as you move away!
The rat barely misses you.
You feel sick.
Found a pair of gloves.
You feel sick. The adder attacks as you move away! The adder bites you.
* * * LOW HITPOINT WARNING * * *
You are lethally poisoned!
The adder poisons you!
* * * LOW HITPOINT WARNING * * *
You feel sick. The adder bites you.
* * * LOW HITPOINT WARNING * * *
Aiming: Necrotise (safe; 3% risk of failure)
Press: ? - help, Q - select action Shift-Dir - straight line, f/p - adder
Aim: an adder (moderately wounded, chance to affect: 81%)
The adder writhes in agony.
* * * LOW HITPOINT WARNING * * *
You feel sick. The adder bites you.
You die...

##..Z...!..
#Z.g.@.......
#...#.#S####.###
#..#..r#####[###
#.......Z)<)...#
##.###...###.....#
#......#... ....#
..###...##[. ....
##.## ...... #. ..
..


You could see an adder, a goblin and a rat.

Vanquished Creatures
  Robin (D:2)
  A ball python (D:2)
  4 bats
  An endoplasm (D:1)
  7 goblins
  4 hobgoblins
  A frilled lizard (D:1)
  A kobold (D:1)
  2 rats
22 creatures vanquished.

Vanquished Creatures (collateral kills)
  A kobold (D:1)
1 creature vanquished.

Grand Total: 23 creatures vanquished

Notes
Turn   | Place    | Note
-------+----------+-------------------------------------------
     0 | D:1      | raph the Human Necromancer began the quest for the Orb.
     0 | D:1      | Reached XP level 1. HP: 13/13 MP: 3/3
   265 | D:1      | Reached XP level 2. HP: 19/19 MP: 3/5
   683 | D:1      | Reached XP level 3. HP: 24/24 MP: 1/6
   731 | D:2      | Noticed Robin
   736 | D:2      | Killed Robin
   979 | D:2      | HP: 1/24 [adder (3)]
   980 | D:2      | Slain by an adder

Illustrated notes

Levels and vault maps discovered:
D:1:      matt_arrival_grand_opening, layout_rooms, grunt_decor_one_mirror
D:2:      layout_loops_ring, serial_shops, shop, hangedman_decor_growths,
          nicolae_elevator_lobby_plus, uniq_sigmund, uniq_terence, uniq_robin

Action                   || total
-------------------------++-------
Melee: Unarmed           ||     4
       Dagger            ||     7
 Cast: Necrotise         ||    34
Armor: Robe              ||     3
Dodge: Dodged            ||    20
